[Event "Titled Tuesday Blitz February 15 Late 2022"]
[White "Sadhwani, Raunak"]
[Black "Wan, Joseph"]
[WhiteFideId "35093487"]
[BlackFideId "2069890"]
[WhiteElo "2616"]
[BlackElo "2149"]
[Result "1-0"]
[Round "09"]
[TimeControl "180+1"]
[Date "2022.02.15"]
[WhiteClock "0:00:17"]
[BlackClock "0:00:14"]

1. d4 e6 2. Nf3 Nf6 3. Bf4 c5 4. e3 d5 5. c3 Nc6 6. Nbd2 Bd6 7. Bg3 O-O 8. Bd3 b6 9. e4 Be7 10. e5 Nh5 11. Ng5 Bxg5 12. Qxh5 g6 13. Qe2 cxd4 14. h4 Bh6 15. h5 g5 16. O-O dxc3 17. bxc3 Bd7 18. Nf3 Qe7 19. Nh2 Bg7 20. Ng4 h6 21. f4 Kh8 22. fxg5 Qxg5 23. Bf4 Qxh5 24. Rf2 Ne7 25. g3 f5 26. exf6 Rxf6 27. Nxf6 Qxe2 28. Bxe2 Bxf6 29. Bd2 Nf5 30. g4 Rg8 31. Kh2 Be5+ 32. Bf4 Bxf4+ 33. Rxf4 Nd6 34. Bd3 Kg7 35. Raf1 Rc8 36. c4 dxc4 37. Bc2 Be8 38. Re1 Bf7 39. Rd1 Rc6 40. Rfd4 Ne8 41. Rd7 a5 42. Rb7 Nf6 43. Kg3 Nd5 44. Rd7 Rc5 45. Re1 Rc6 46. Be4 b5 47. Rf1 Nf6 48. Rxf7+ Kxf7 49. Bxc6 b4 50. Kf4 Kg6 51. Be4+ Kg7 52. Bf3 c3 53. Ke3 Nd7 54. Kd4 e5+ 55. Kc4 Kf6 56. Kb5 Ke6 57. Kxa5 Nf6 58. Kxb4 e4 59. Be2 c2 60. Kb3 c1=Q 61. Rxc1 Ke5 62. Rf1 Nd5 63. Rf5+ Kd4 64. Rxd5+ Kxd5 65. a4 Kd4 66. a5 Ke3 67. a6 Kxe2 68. a7 Kf2 69. a8=Q e3 70. Qf8+ Kg2 71. Qxh6 e2 72. Qe3 Kf1 73. Qxe2+ Kxe2 74. g5 Kf3 75. g6 Ke4 76. g7 Kd5 77. g8=Q+ 1-0


[Site "https://www.chess.com"]

[Event "Titled Tuesday Blitz February 15 Late 2022"]
[White "Saim, Mohamed Ilias"]
[Black "Briscoe, Chris"]
[WhiteFideId "7900465"]
[BlackFideId "408360"]
[WhiteElo "2006"]
[BlackElo "2111"]
[Result "0-1"]
[Round "09"]
[TimeControl "180+1"]
[Date "2022.02.16"]
[WhiteClock "0:01:39"]
[BlackClock "0:01:08"]

1. d4 Nf6 2. Nf3 e6 3. e3 c5 4. Bd3 b6 5. b3 Bb7 6. Bb2 Nc6 7. Nbd2 Nb4 8. O-O Nxd3 9. cxd3 d5 10. dxc5 bxc5 11. Ne5 Bd6 12. d4 O-O 13. f4 Rc8 14. Rf3 Ne4 15. Nxe4 dxe4 16. Rh3 Bxe5 17. fxe5 f5 18. Qh5 h6 19. Rg3 Kh8 20. Ba3 cxd4 21. Bxf8 Qxf8 22. exd4 f4 23. Rg6 e3 24. Rf1 Rc2 25. Rxe6 Rxg2+ 26. Kh1 Rg5+ 27. Qf3 Bxf3+ 28. Rxf3 e2 29. d5 e1=R+ 30. Rf1 Rxf1# 0-1


[Site "https://www.chess.com"]

[Event "Titled Tuesday Blitz February 15 Late 2022"]
[White "Sarana, Alexey"]
[Black "Michelakos, Panagiotis"]
[WhiteFideId "24133795"]
[BlackFideId "4216067"]
[WhiteElo "2665"]
[BlackElo "2140"]
[Result "0-1"]
[Round "09"]
[TimeControl "180+1"]
[Date "2022.02.15"]
[WhiteClock "0:00:10"]
[BlackClock "0:00:10"]

1. e4 c5 2. Nf3 g6 3. c3 Bg7 4. d4 cxd4 5. cxd4 d6 6. Nc3 Nf6 7. Be2 O-O 8. O-O Bg4 9. Be3 Nc6 10. Qd2 Rc8 11. Rac1 a6 12. d5 Bxf3 13. gxf3 Ne5 14. b3 b5 15. h3 Qa5 16. f4 Ned7 17. Bf3 Nc5 18. e5 dxe5 19. fxe5 Nfd7 20. e6 Ne5 21. exf7+ Kh8 22. Be2 Ncd3 23. Rc2 Nb4 24. Rcc1 Nbd3 25. Bd4 Nxc1 26. Rxc1 Qb4 27. Kg2 Nxf7 28. Bxg7+ Kxg7 29. Qe3 Qc5 30. Qg3 b4 31. Bxa6 bxc3 32. Bxc8 Rxc8 33. Qd3 Nd6 34. a3 Nf5 35. b4 Qd4 36. Qe2 Qxd5+ 37. Kg1 Qd6 38. Qe4 c2 39. Kg2 Qd2 40. Qe5+ Kf7 41. Qb2 Nh4+ 42. Kg1 Qd5 43. Kf1 Qd1+ 44. Rxd1 cxd1=Q# 0-1


[Site "https://www.chess.com"]

[Event "Titled Tuesday Blitz February 15 Late 2022"]
[White "Sargsyan, Anna M."]
[Black "Al Mukhaini, Shima"]
[WhiteFideId "13308130"]
[BlackFideId "22005854"]
[WhiteElo "2271"]
[BlackElo "2400"]
[Result "1-0"]
[Round "09"]
[TimeControl "180+1"]
[Date "2022.02.16"]
[WhiteClock "0:01:32"]
[BlackClock "0:00:16"]

1. d4 Nf6 2. c4 Nc6 3. d5 Ne5 4. Nd2 e6 5. e4 d6 6. f4 Ng6 7. Qf3 Be7 8. Bd3 O-O 9. Ne2 exd5 10. cxd5 c6 11. dxc6 bxc6 12. O-O Ng4 13. h3 Qb6+ 14. Kh1 Nh4 15. Qg3 Ne3 16. Rg1 Nexg2 17. Rxg2 Nxg2 18. Kxg2 f5 19. Nc4 Qd8 20. exf5 Bxf5 21. Bxf5 Rxf5 22. Be3 Rf6 23. Kh2 Rg6 24. Qf3 Rf6 25. Rg1 Rc8 26. Bd4 Rf7 27. Bc3 Bf8 28. Ne3 d5 29. Ng4 Bd6 30. Nh6+ Kf8 31. Nxf7 Kxf7 32. Rxg7+ 1-0


[Site "https://www.chess.com"]

[Event "Titled Tuesday Blitz February 15 Late 2022"]
[White "Sarkar, Justin"]
[Black "Jaferian, Koosha"]
[WhiteFideId "2010011"]
[BlackFideId "12507440"]
[WhiteElo "2038"]
[BlackElo "2027"]
[Result "1/2-1/2"]
[Round "09"]
[TimeControl "180+1"]
[Date "2022.02.16"]
[WhiteClock "0:00:05"]
[BlackClock "0:00:12"]

1. e4 c6 2. d4 d5 3. e5 Bf5 4. h4 h5 5. Bg5 Qb6 6. Bd3 Bxd3 7. Qxd3 e6 8. Nd2 Ne7 9. Ngf3 Nf5 10. b3 Nd7 11. c4 Be7 12. c5 Qc7 13. Bxe7 Nxe7 14. b4 Nf5 15. Rb1 b6 16. O-O O-O 17. g3 b5 18. a4 Rfb8 19. a5 Rf8 20. Ng5 Qd8 21. Nb3 a6 22. Qe2 Qe7 23. Qxh5 Nh6 24. Rbe1 Rfc8 25. Kg2 Nf8 26. Nh3 Ng6 27. Qg5 Qf8 28. h5 Ne7 29. g4 Kh8 30. f4 f6 31. exf6 gxf6 32. Qh4 Qg7 33. g5 Nef5 34. Qf2 Rg8 35. Kh1 fxg5 36. fxg5 Nf7 37. Rg1 Rae8 38. g6 N7h6 39. Ng5 Qf6 40. Qe2 Nxd4 41. Nxd4 Qxd4 42. Qe5+ Qxe5 43. Rxe5 Kg7 44. Rxe6 Rxe6 45. Nxe6+ Kf6 46. Nd4 Rc8 47. g7 Ke5 48. Rg6 Ng8 49. Nxc6+ Ke4 50. Na7 Rd8 51. Rxa6 d4 52. Re6+ Kf3 53. Re1 d3 54. Nc6 d2 55. Rd1 Rd5 56. a6 Rxh5+ 57. Kg1 Rg5+ 58. Kf1 Rh5 59. Nd4+ Ke3 60. Nc2+ Kd3 61. Ne1+ Ke3 62. Rxd2 Rf5+ 63. Kg2 Rg5+ 64. Kh3 Rxg7 65. Ra2 Rh7+ 66. Kg4 Nf6+ 67. Kf5 Nd5 68. a7 Nc7 69. Kf6 Rh8 70. Kg7 Ra8 71. Kf7 Nd5 72. Ke6 Nxb4 73. Ra5 Nc6 74. Ra6 Nxa7 75. c6 b4 76. c7 b3 77. Rxa7 b2 78. Rxa8 b1=Q 79. c8=Q Qe4+ 80. Kd7 Qd5+ 81. Kc7 Qe5+ 82. Kb7 Qb5+ 83. Ka7 Qa4+ 84. Qa6 Qd7+ 85. Kb8 Qd8+ 86. Qc8 Qb6+ 87. Qb7 Qd8+ 88. Ka7 Qa5+ 89. Qa6 Qc7+ 90. Qb7 Qa5+ 91. Qa6 Qc7+ 92. Qb7 Qa5+ 1/2-1/2


[Site "https://www.chess.com"]

[Event "Titled Tuesday Blitz February 15 Late 2022"]
[White "Sliwicki, Damian"]
[Black "Bolanos, Fernando"]
[WhiteFideId "1127128"]
[BlackFideId "3304094"]
[WhiteElo "2084"]
[BlackElo "2019"]
[Result "0-1"]
[Round "09"]
[TimeControl "180+1"]
[Date "2022.02.16"]
[WhiteClock "0:00:06"]
[BlackClock "0:00:13"]

1. a3 Nf6 2. c4 e5 3. Nc3 a6 4. d3 Bc5 5. Nf3 d6 6. Bg5 O-O 7. Qd2 Bf5 8. g4 Bxg4 9. Rg1 Bh5 10. Nd5 Nbd7 11. Bh3 c6 12. Nc3 Bg6 13. Bxd7 Qxd7 14. Bxf6 gxf6 15. Qh6 Kh8 16. Ne4 Qe7 17. Nh4 Rg8 18. O-O-O d5 19. Nxc5 Qxc5 20. f4 dxc4 21. f5 cxd3+ 22. Kb1 dxe2 23. Rc1 Qf8 24. Qxf8 Rgxf8 25. fxg6 fxg6 26. Rce1 f5 27. Rxe2 e4 28. Ng2 Rad8 29. h4 Kg7 30. Nf4 Kf6 31. Rf1 Ke5 32. Kc2 Rd6 33. Nh3 Rfd8 34. Ng5 R8d7 35. Rh2 c5 36. Re1 h6 37. Nf3+ Kf6 38. Nd2 b5 39. Nb3 c4 40. Nc1 Rd3 41. Nxd3 Rxd3 42. Rd1 Ke5 43. Rxd3 cxd3+ 44. Kd2 Kd4 45. h5 e3+ 46. Kd1 g5 47. Rg2 f4 48. Rg4 Ke4 49. Rg1 f3 50. b3 f2 51. Rh1 e2+ 52. Kd2 f1=Q 0-1


[Site "https://www.chess.com"]

[Event "Titled Tuesday Blitz February 15 Late 2022"]
[White "Slugin, Sergey"]
[Black "Rangel, Daniel"]
[WhiteFideId "4122569"]
[BlackFideId "2124475"]
[WhiteElo "2358"]
[BlackElo "2187"]
[Result "1-0"]
[Round "09"]
[TimeControl "180+1"]
[Date "2022.02.16"]
[WhiteClock "0:00:13"]
[BlackClock "0:00:02"]

1. e4 c6 2. d4 d5 3. e5 c5 4. dxc5 e6 5. Be3 Nh6 6. f4 Nf5 7. Bf2 Nd7 8. b4 a5 9. c3 axb4 10. cxb4 b6 11. c6 Bxb4+ 12. Nd2 Nc5 13. Rb1 Ba5 14. Bb5 O-O 15. Nf3 d4 16. O-O Ne3 17. Bxe3 dxe3 18. Nb3 Nxb3 19. Qxb3 Qd5 20. Qxe3 Qxa2 21. Ng5 h6 22. Ne4 Ba6 23. Bxa6 Rxa6 24. Nd6 Qa4 25. c7 b5 26. c8=Q Bb6 27. Qxb6 Rxc8 28. Qb7 Rf8 29. Qxb5 Qd4+ 30. Kh1 Ra2 31. Qc4 Qe3 32. Qe4 Qa7 33. f5 exf5 34. Nxf5 Ra5 35. Qg4 g6 36. Nxh6+ Kg7 37. Nf5+ Kg8 38. e6 1-0


[Site "https://www.chess.com"]

[Event "Titled Tuesday Blitz February 15 Late 2022"]
[White "Stanisz, Patryk"]
[Black "Vargas Pereda, Jesus Manue"]
[WhiteFideId "1123106"]
[BlackFideId "5115710"]
[WhiteElo "1876"]
[BlackElo "1779"]
[Result "1-0"]
[Round "09"]
[TimeControl "180+1"]
[Date "2022.02.16"]
[WhiteClock "0:00:46"]
[BlackClock "0:00:06"]

1. Nf3 Nf6 2. c4 g6 3. Nc3 Bg7 4. g3 O-O 5. Bg2 d6 6. O-O c6 7. d4 Qa5 8. h3 Qh5 9. h4 Bg4 10. Nh2 Be6 11. b3 Ng4 12. Bf3 Nd7 13. e4 f5 14. d5 cxd5 15. cxd5 Bf7 16. Nxg4 fxg4 17. Bxg4 Qe5 18. Bb2 Nf6 19. Bf3 Nxe4 20. Bxe4 Rac8 21. Qd3 1-0


[Site "https://www.chess.com"]

[Event "Titled Tuesday Blitz February 15 Late 2022"]
[White "Stankovic, Ivan G"]
[Black "Bellissimo, Joseph F."]
[WhiteFideId "902837"]
[BlackFideId "2609843"]
[WhiteElo "2195"]
[BlackElo "2061"]
[Result "0-1"]
[Round "09"]
[TimeControl "180+1"]
[Date "2022.02.16"]
[WhiteClock "0:01:02"]
[BlackClock "0:01:43"]

1. e4 e6 2. d3 d5 3. Nd2 c5 4. Ngf3 Nc6 5. g3 Bd6 6. Bg2 Nge7 7. O-O O-O 8. Re1 Qc7 9. c3 f6 10. Nf1 Bd7 11. Ne3 Be8 12. a4 Bh5 13. Qb3 Bxf3 14. Bxf3 Ne5 15. Be2 c4 16. dxc4 dxe4 17. c5 Bxc5 18. Qxe6+ Kh8 19. Nf5 Rae8 20. Be3 Nxf5 21. Qxf5 Bxe3 22. fxe3 Qb6 23. Qxe4 Nc6 24. Qg2 Rxe3 25. Qf2 Rfe8 26. Kg2 Qxb2 27. Bb5 Qxc3 28. Rac1 Qxe1 29. Rxe1 Rxe1 30. Bxc6 R8e2 31. Bxb7 Rxf2+ 32. Kxf2 Rb1 33. Bc6 Rb2+ 34. Kg1 Kg8 0-1


[Site "https://www.chess.com"]

[Event "Titled Tuesday Blitz February 15 Late 2022"]
[White "Svane, Rasmus"]
[Black "Papasimakopoulos, Alexandros"]
[WhiteFideId "4657101"]
[BlackFideId "4244125"]
[WhiteElo "2645"]
[BlackElo "2340"]
[Result "0-1"]
[Round "09"]
[TimeControl "180+1"]
[Date "2022.02.15"]
[WhiteClock "0:00:03"]
[BlackClock "0:00:12"]

1. Nf3 f5 2. d3 d6 3. e4 e5 4. Nc3 Nf6 5. exf5 Bxf5 6. d4 e4 7. Nh4 Bg4 8. Be2 Bd7 9. Bh5+ g6 10. Nxg6 hxg6 11. Bxg6+ Ke7 12. Bg5 Be6 13. Nxe4 Bg7 14. Qf3 Nd7 15. O-O-O d5 16. Ng3 Qg8 17. Rhe1 Bh6 18. Rxe6+ Kxe6 19. Qf5+ Kd6 20. Bxh6 Kc6 21. Bf4 Rf8 22. Qd3 Ne8 23. Qc3+ Kb6 24. Bxe8 Rxf4 25. Bxd7 c6 26. Re1 Qf8 27. a4 Rxf2 28. Bh3 a5 29. Kb1 Rh4 30. Re5 Rhf4 31. Ka2 Qb4 32. Qxb4+ axb4 33. Nf5 Rxc2 34. Kb3 Rff2 35. Kxb4 Rxb2+ 36. Kc3 Ra2 37. Kb3 Rfb2+ 38. Kc3 Ka5 39. Ne3 Re2 40. Kd3 Red2+ 41. Kc3 Rf2 42. Bf5 Ra3# 0-1


[Site "https://www.chess.com"]

[Event "Titled Tuesday Blitz February 15 Late 2022"]
[White "Tan, Jun Ying"]
[Black "Mladenovic, Stefan"]
[WhiteFideId "5710413"]
[BlackFideId "942227"]
[WhiteElo "1827"]
[BlackElo "2355"]
[Result "0-1"]
[Round "09"]
[TimeControl "180+1"]
[Date "2022.02.16"]
[WhiteClock "0:00:19"]
[BlackClock "0:00:04"]

1. d4 Nf6 2. c4 e6 3. Nc3 Bb4 4. Qc2 O-O 5. e4 d5 6. e5 Ne4 7. Bd3 c5 8. Ne2 Nc6 9. O-O Bxc3 10. bxc3 f5 11. f3 Ng5 12. cxd5 exd5 13. dxc5 g6 14. Nd4 Ne6 15. Be3 Nxe5 16. Nxe6 Bxe6 17. Bd4 Nc6 18. Rfe1 Nxd4 19. cxd4 Re8 20. Re5 Bf7 21. Rae1 Qh4 22. Qf2 Qf6 23. f4 b6 24. h3 Qc6 25. Rc1 Rac8 26. Ba6 Rc7 27. Qe2 Qa4 28. Bb5 Qxd4+ 29. Kh1 Rxe5 30. fxe5 Rxc5 31. Rxc5 Qxc5 32. e6 Qc1+ 33. Kh2 Qc7+ 34. g3 d4 35. exf7+ Kxf7 36. Bc4+ Kg7 37. Qe6 Qd8 38. Qf7+ Kh6 39. Qd5 Qf6 40. h4 Kg7 41. Qd7+ Kh6 42. Qxa7 Qe5 43. Qxb6 f4 44. Qe6 fxg3+ 45. Kh3 Qf4 46. Qg4 Qxg4+ 47. Kxg4 g2 48. Kf3 g1=Q 0-1


[Site "https://www.chess.com"]

[Event "Titled Tuesday Blitz February 15 Late 2022"]
[White "Tanenbaum, Zachary"]
[Black "Mikhailovsky, Vladimir"]
[WhiteFideId "2060850"]
[BlackFideId "34105414"]
[WhiteElo "2168"]
[BlackElo "2371"]
[Result "1/2-1/2"]
[Round "09"]
[TimeControl "180+1"]
[Date "2022.02.15"]
[WhiteClock "0:00:06"]
[BlackClock "0:00:08"]

1. e4 Nf6 2. e5 Nd5 3. d4 d6 4. Nf3 dxe5 5. Nxe5 c6 6. Bc4 Nd7 7. Nf3 N7f6 8. O-O Bg4 9. Re1 e6 10. c3 Bd6 11. h3 Bh5 12. Nbd2 O-O 13. Ne4 Nxe4 14. Rxe4 Qc7 15. Bd2 Rfd8 16. Re1 Nf6 17. Bg5 c5 18. Bxf6 gxf6 19. Qd3 cxd4 20. Nxd4 Bc5 21. Nxe6 fxe6 22. Qf5 Bf7 23. Bxe6 Bxe6 24. Rxe6 Rd2 25. Rxf6 Bxf2+ 26. Kh1 Rad8 27. Rf1 Qg3 28. Qe6+ Kh8 29. Rf3 Qc7 30. Qf6+ Kg8 31. R3xf2 Rxf2 32. Qxf2 Qe5 33. Qf7+ Kh8 34. Qf6+ Qxf6 35. Rxf6 Rd2 36. Rf7 Rxb2 37. a4 a5 38. Kh2 b5 39. Rb7 b4 40. c4 Ra2 41. c5 Rc2 42. Rb5 b3 43. Rxb3 Rc4 44. Rb5 Rxa4 45. c6 Rc4 46. Rxa5 Rxc6 47. Ra7 Kg8 48. h4 Rc3 49. g3 Rc4 50. Kh3 Rd4 51. Re7 Rc4 52. Kg2 Rc3 53. Kf2 Rb3 54. Re3 Rb4 55. Kf3 Kf7 56. Re4 Rb3+ 57. Kf4 Kf6 58. g4 h6 59. Rc4 Rb6 60. Rd4 Rc6 61. Rb4 Ra6 62. Rc4 Rb6 63. Rd4 Rc6 64. Re4 Rb6 65. Re3 Rb4+ 66. Kg3 Rb6 67. Rf3+ Kg6 68. h5+ Kg7 69. Kh4 Rb1 70. Rg3 Rh1+ 71. Rh3 Rg1 72. Re3 Rh1+ 73. Kg3 Rg1+ 74. Kf3 Rf1+ 75. Kg2 Ra1 76. Kg3 Rg1+ 77. Kf3 Rf1+ 78. Kg2 Ra1 79. Rc3 Ra7 80. Kg3 Rb7 81. Rc6 Rb3+ 82. Kh4 Re3 83. Rc7+ Kg8 84. Rb7 Rd3 85. Ra7 Rb3 86. Ra6 Kg7 87. Rg6+ Kh7 88. Rf6 Kg7 89. Rf2 Ra3 90. Rg2 Rb3 91. Rg3 Rb1 92. Kh3 Kf6 93. Rf3+ Kg7 94. Kg3 Rb4 95. Re3 Rc4 96. Kf3 Rd4 97. Re4 Rd1 98. Kf4 Kf6 99. Rc4 Rf1+ 100. Kg3 Rg1+ 101. Kf2 Ra1 102. Rc6+ Kg5 103. Rc4 Ra3 104. Kg2 Rb3 105. Kh2 Ra3 106. Kg2 Rb3 107. Kh2 Ra3 108. Kg2 1/2-1/2


[Site "https://www.chess.com"]

[Event "Titled Tuesday Blitz February 15 Late 2022"]
[White "Tari, Aryan"]
[Black "Fishbein, Alexander"]
[WhiteFideId "1510045"]
[BlackFideId "2000377"]
[WhiteElo "2567"]
[BlackElo "2442"]
[Result "1-0"]
[Round "09"]
[TimeControl "180+1"]
[Date "2022.02.15"]
[WhiteClock "0:00:04"]
[BlackClock "0:00:02"]

1. c4 Nf6 2. g3 g6 3. Bg2 Bg7 4. d4 O-O 5. Nc3 d6 6. Nf3 Nc6 7. O-O e5 8. d5 Nb8 9. e4 a5 10. Ne1 Na6 11. Nd3 Nd7 12. Be3 Ndc5 13. a3 Bd7 14. Nxc5 Nxc5 15. b4 axb4 16. axb4 Rxa1 17. Qxa1 Nb3 18. Qa7 Qa8 19. Qxa8 Rxa8 20. Rb1 Nd4 21. Bf1 f5 22. Nb5 fxe4 23. Nxc7 Rc8 24. Nb5 Bxb5 25. cxb5 Nf5 26. Bb6 Nd4 27. Ra1 Bh6 28. Bh3 Rf8 29. Be6+ Kg7 30. Ra7 e3 31. Rxb7+ Kf6 32. fxe3 Bxe3+ 33. Kg2 Kg5 34. Rf7 Ra8 35. h4+ Kh6 36. g4 Ra2+ 37. Kh3 g5 38. Bd8 Bf4 39. hxg5+ Bxg5 40. Bxg5+ Kxg5 41. b6 Rb2 42. b7 Rxb4 43. Rxh7 e4 44. Rg7+ Kf4 45. Rf7+ Ke5 46. g5 e3 47. Bg4 Rb3 48. Kh4 Kxd5 49. g6 Rb1 50. g7 Rh1+ 51. Kg5 e2 52. g8=Q e1=Q 53. Rf1+ Ne6+ 54. Bxe6+ Qxe6 55. Rf5+ Kc6 56. Qxe6 1-0


[Site "https://www.chess.com"]

[Event "Titled Tuesday Blitz February 15 Late 2022"]
[White "Titichoca Daza, Daniel"]
[Black "Rustemov, Alexander"]
[WhiteFideId "3309550"]
[BlackFideId "4119002"]
[WhiteElo "1968"]
[BlackElo "2776"]
[Result "0-1"]
[Round "09"]
[TimeControl "180+1"]
[Date "2022.02.15"]
[WhiteClock "0:00:45"]
[BlackClock "0:00:31"]

1. e4 e6 2. d4 d5 3. Nc3 Bb4 4. e5 c5 5. Bd2 a6 6. Nce2 Bxd2+ 7. Qxd2 Nc6 8. f4 Qb6 9. O-O-O c4 10. Nf3 Nge7 11. g3 Bd7 12. h3 Qc7 13. g4 b5 14. f5 exf5 15. Qg5 O-O 16. Nf4 f6 17. exf6 Rxf6 18. Bg2 h6 19. Nxd5 Nxd5 20. Qh4 fxg4 21. hxg4 Qf4+ 22. Kb1 Ne3 23. Rde1 Nxg2 0-1


[Site "https://www.chess.com"]

[Event "Titled Tuesday Blitz February 15 Late 2022"]
[White "Todorovic, Bojan"]
[Black "Gerbelli Neto, Eduardo"]
[WhiteFideId "917087"]
[BlackFideId "2103281"]
[WhiteElo "2266"]
[BlackElo "2178"]
[Result "0-1"]
[Round "09"]
[TimeControl "180+1"]
[Date "2022.02.16"]
[WhiteClock "0:00:01"]
[BlackClock "0:00:15"]

1. Nf3 Nf6 2. c4 c5 3. g3 d5 4. cxd5 Nxd5 5. Bg2 Nc6 6. O-O e5 7. d3 Be7 8. Nc3 Nc7 9. Be3 O-O 10. Rc1 b6 11. a3 a5 12. b4 axb4 13. axb4 cxb4 14. Na4 Nd4 15. Nxb6 Nxf3+ 16. Bxf3 Ra6 17. Nxc8 Qxc8 18. Qc2 Bd8 19. Bc5 Re8 20. Bxb4 Qh3 21. Bg2 Qh5 22. Qc4 Rh6 23. h3 Ne6 24. Qg4 Qxg4 25. hxg4 Nd4 26. Rfe1 Rb6 27. Bc5 Rb2 28. Kf1 Nb3 29. Rcd1 Nxc5 30. Rb1 Rxb1 31. Rxb1 Bf6 32. Rb5 Ne6 33. f4 exf4 34. gxf4 h6 35. e3 Rc8 36. Be4 g6 37. d4 Rc3 38. Kf2 Nc7 39. Rb7 Bh4+ 40. Kf3 Ne6 41. Ke2 Ra3 42. Bd5 Nd8 43. Rd7 Kf8 44. f5 Ke8 45. Rd6 gxf5 46. Rxh6 Bg5 47. Rh8+ Ke7 48. gxf5 Rxe3+ 49. Kf2 Kd6 50. Bc4 Nc6 51. Rf8 f6 52. Rf7 Rc3 53. Be6 Nxd4 54. Rd7+ Ke5 55. Rd5+ Ke4 56. Rd6 Rc2+ 0-1


[Site "https://www.chess.com"]

[Event "Titled Tuesday Blitz February 15 Late 2022"]
[White "Tregubov, Pavel V."]
[Black "Timofeev, Artyom"]
[WhiteFideId "4115341"]
[BlackFideId "4140419"]
[WhiteElo "2341"]
[BlackElo "2583"]
[Result "0-1"]
[Round "09"]
[TimeControl "180+1"]
[Date "2022.02.15"]
[WhiteClock "0:00:01"]
[BlackClock "0:00:11"]

1. e4 c5 2. Nf3 d6 3. Bb5+ Bd7 4. Bxd7+ Nxd7 5. O-O Ngf6 6. Qe2 Rc8 7. c3 e6 8. d4 Be7 9. Rd1 cxd4 10. cxd4 O-O 11. Nc3 a6 12. e5 Nd5 13. Nxd5 exd5 14. Bf4 Re8 15. e6 Nf8 16. exf7+ Kxf7 17. Qd3 Qd7 18. Qb3 Qb5 19. Qxb5 axb5 20. Rac1 Ne6 21. Be3 Rc4 22. b3 Rc6 23. Kf1 Ra8 24. Rxc6 bxc6 25. Rd2 h5 26. Rc2 Ra6 27. h3 Kf6 28. g4 hxg4 29. hxg4 c5 30. Kg2 c4 31. Ng1 g5 32. Ne2 Kf7 33. Nc3 Nc7 34. f4 gxf4 35. Bxf4 Bf6 36. Ne2 Ne6 37. Be3 Ra3 38. Kf2 cxb3 39. axb3 Rxb3 40. Rc6 Ke7 41. Rb6 Kd7 42. Rb7+ Kc6 43. Rf7 Bg5 44. Bxg5 Nxg5 45. Rf8 Ne4+ 46. Kg2 Rb2 47. Kf3 b4 48. Nf4 Ng5+ 49. Ke3 Rb3+ 50. Ke2 Rg3 51. Nd3 b3 52. Rb8 Rxg4 53. Nb4+ Kc7 54. Na6+ Kd7 55. Rxb3 Rxd4 56. Rb7+ Ke6 57. Nc7+ Ke5 58. Rb8 Ne4 59. Re8+ Kf5 60. Rd8 Rd2+ 61. Kf3 Ke5 0-1


[Site "https://www.chess.com"]

[Event "Titled Tuesday Blitz February 15 Late 2022"]
[White "Urbina Quiroz, Edwin"]
[Black "Komissarov, Alexey"]
[WhiteFideId "6500650"]
[BlackFideId "4176545"]
[WhiteElo "2130"]
[BlackElo "2216"]
[Result "0-1"]
[Round "09"]
[TimeControl "180+1"]
[Date "2022.02.16"]
[WhiteClock "0:00:33"]
[BlackClock "0:00:29"]

1. e4 e5 2. Nf3 Nc6 3. c3 d5 4. Qa4 Nf6 5. Nxe5 Bd6 6. Nxc6 bxc6 7. exd5 O-O 8. d4 Re8+ 9. Be2 Qe7 10. Qc2 Bg4 11. f3 Bh5 12. dxc6 Bg6 13. Qd1 Nd5 14. Kf2 Ne3 15. Qe1 Nc2 16. Qd1 Nxa1 17. Bd3 Bxd3 18. Qxd3 Bxh2 19. Bf4 Qh4+ 20. g3 Bxg3+ 21. Kg2 Qxf4 22. Qxh7+ Kf8 23. Rh5 Re2+ 24. Kf1 Rf2+ 25. Kg1 Qc1# 0-1


[Site "https://www.chess.com"]

[Event "Titled Tuesday Blitz February 15 Late 2022"]
[White "Van den Dikkenberg, Erik"]
[Black "Horak, Martin"]
[WhiteFideId "1005880"]
[BlackFideId "367095"]
[WhiteElo "2118"]
[BlackElo "1997"]
[Result "1-0"]
[Round "09"]
[TimeControl "180+1"]
[Date "2022.02.16"]
[WhiteClock "0:00:22"]
[BlackClock "0:00:01"]

1. e4 d6 2. d4 Nf6 3. Nc3 e5 4. Nf3 Nbd7 5. Rg1 c6 6. g4 h6 7. g5 hxg5 8. Bxg5 Be7 9. Qd2 Qc7 10. O-O-O b5 11. dxe5 Nxe5 12. Nxe5 dxe5 13. f3 Be6 14. Kb1 Rd8 15. Bd3 Qa5 16. Nd5 Qxd2 17. Nxf6+ gxf6 18. Bxd2 Rxh2 19. Ba5 Rd4 20. c3 Rd6 21. Rg8+ 1-0


[Site "https://www.chess.com"]

[Event "Titled Tuesday Blitz February 15 Late 2022"]
[White "Vidit, Santosh Gujrathi"]
[Black "Zhigalko, Sergei"]
[WhiteFideId "5029465"]
[BlackFideId "13502956"]
[WhiteElo "2654"]
[BlackElo "2662"]
[Result "1-0"]
[Round "09"]
[TimeControl "180+1"]
[Date "2022.02.15"]
[WhiteClock "0:00:19"]
[BlackClock "0:00:01"]

1. Nf3 d5 2. g3 c6 3. Bg2 Bg4 4. O-O Nd7 5. h3 Bh5 6. d3 e6 7. Qe1 Bd6 8. e4 Ne7 9. Nh2 O-O 10. f4 dxe4 11. dxe4 f6 12. Nd2 e5 13. Nc4 Bc5+ 14. Kh1 Bf7 15. Qe2 b5 16. Ne3 Re8 17. Nhg4 Qc7 18. Bd2 a5 19. a3 Rad8 20. Rad1 exf4 21. gxf4 f5 22. Nf2 fxe4 23. Nxe4 Bxe3 24. Qxe3 Nf5 25. Qf2 Bd5 26. Rde1 Nf8 27. Bc3 Ng6 28. Kh2 Rf8 29. Bd2 Nfh4 30. Bh1 Bc4 31. Rg1 Bd5 32. Rg4 Nf5 33. Bc1 Nh6 34. Rgg1 Rd7 35. Nc5 Nxf4 36. Qg3 Rdf7 37. Bxd5 cxd5 38. b4 axb4 39. axb4 Qd6 40. Ref1 Kh8 41. Bxf4 1-0


[Site "https://www.chess.com"]

[Event "Titled Tuesday Blitz February 15 Late 2022"]
[White "Vine, Elzbieta"]
[Black "Kostiukov, Alexandr"]
[WhiteFideId "1119320"]
[BlackFideId "14108100"]
[WhiteElo "1851"]
[BlackElo "2202"]
[Result "0-1"]
[Round "09"]
[TimeControl "180+1"]
[Date "2022.02.16"]
[WhiteClock "0:00:01"]
[BlackClock "0:00:01"]

1. e4 c5 2. Nf3 g6 3. Nc3 Bg7 4. d3 Nc6 5. h4 h6 6. h5 g5 7. Bd2 e6 8. Qe2 Nge7 9. e5 g4 10. Nh4 Nxe5 11. f4 N5c6 12. Qxg4 Rg8 13. Qf3 Nd4 14. Qd1 d5 15. Ne2 Nxe2 16. Bxe2 Bxb2 17. Rb1 Bf6 18. f5 Bxh4+ 19. Rxh4 Nxf5 20. Rg4 Rxg4 21. Bxg4 Qh4+ 22. Kf1 Qf6 23. Bxf5 Qxf5+ 24. Qf3 Qxf3+ 25. gxf3 b6 26. Bxh6 Ba6 27. Bg7 f5 28. h6 Kf7 29. Kf2 Kg6 30. Rg1+ Kh7 31. Re1 Re8 32. Rg1 Bb5 33. Re1 Kg6 34. Rg1+ Kh7 35. Re1 Bc6 36. Re5 d4 37. Re1 Bd5 38. a3 Kg6 39. Rg1+ Kh7 40. Rh1 b5 41. Rh2 a6 42. Rh1 e5 43. Rh5 e4 44. fxe4 Ba2 45. Rxf5 Bb1 46. Rf7 Kg6 0-1


[Site "https://www.chess.com"]

[Event "Titled Tuesday Blitz February 15 Late 2022"]
[White "Vovk, Orest"]
[Black "Wagner, Dennis"]
[WhiteFideId "14113490"]
[BlackFideId "24650684"]
[WhiteElo "2203"]
[BlackElo "2355"]
[Result "1-0"]
[Round "09"]
[TimeControl "180+1"]
[Date "2022.02.15"]
[WhiteClock "0:00:08"]
[BlackClock "0:00:09"]

1. h4 e5 2. h5 d5 3. h6 Nxh6 4. d4 exd4 5. Bxh6 gxh6 6. Qxd4 Rg8 7. Nc3 Bg7 8. Qh4 d4 9. Qxd8+ Kxd8 10. O-O-O Bd7 11. Ne4 Na6 12. Nf3 c5 13. Rh5 b6 14. e3 Nb4 15. exd4 cxd4 16. a3 Nc6 17. Bb5 Kc7 18. Ng3 Rad8 19. Nf5 Bf8 20. g3 Rg4 21. Nxh6 Bxh6+ 22. Rxh6 Re4 23. Rxh7 Ne5 24. Nxe5 Bxb5 25. Rxf7+ Kd6 26. f4 Rc8 27. Kb1 Kd5 28. Rxa7 Re2 29. c3 d3 30. Nxd3 Ke4 31. Re7+ Kf3 32. Rxe2 Kxe2 33. Kc2 Rh8 34. Ne5 Ke3 35. c4 Rh2+ 36. Kc3 Ba4 37. Rd3+ Ke4 38. b3 Be8 39. b4 Rh1 40. c5 bxc5 41. bxc5 Rc1+ 42. Kd2 Rxc5 43. Re3+ Kd4 44. Rd3+ Ke4 45. Rc3 Rd5+ 46. Ke1 Ra5 47. Kf2 Kf5 48. Re3 Ba4 49. Kf3 Bd1+ 50. Kf2 Rc5 51. Rd3 Rc2+ 52. Ke3 Re2+ 53. Kd4 Re4+ 54. Kd5 Ba4 55. Kd6 Re1 56. Rd4 Ra1 57. g4+ Kf6 58. Rxa4 Rd1+ 59. Kc5 Ke6 60. Rc4 Rd5+ 61. Kb4 Rd1 62. Nc6 Kd5 63. Na5 Rb1+ 64. Nb3 Rg1 65. f5 Rg2 66. a4 Kd6 67. a5 Rh2 68. a6 Rh7 69. Kb5 Kd5 70. Rc5+ Kd6 71. Kb6 Rh8 72. f6 Kd7 73. Rc7+ Kd6 74. f7 Rh3 75. Nc5 Rh1 76. Rd7+ Ke5 77. a7 Rb1+ 78. Kc6 Rh1 79. f8=Q Rh6+ 80. Qd6+ Rxd6+ 81. Rxd6 Kf4 82. a8=Q Kg5 83. Qd8+ Kf4 84. g5 Kg3 85. g6 Kh3 86. g7 Kg4 87. g8=Q+ Kh3 88. Qd7+ Kh2 89. Qdh7# 1-0


[Site "https://www.chess.com"]